 Dungeon Crawl Stone Soup version 0.27-a0-1202-ge72e49191c (webtiles) character file.

Game seed: 9893318885020261191

39 d3xhu the Insei (level 3, -1/23 HPs)
             Began as an Octopode Transmuter on June 3, 2021.
             Hit by a goblin thrown by Robin (2 damage)
             ... on level 2 of the Dungeon.
             The game lasted 00:08:05 (1730 turns).

d3xhu the Insei (Octopode Transmuter)               Turns: 1730, Time: 00:08:05

Health: -1/23      AC:  1    Str:  9    XL:     3   Next: 47%
Magic:  4/6        EV: 13    Int: 15    God:
Gold:   46         SH:  0    Dex: 13    Spells: 3/6 levels left

rFire    . . .     SeeInvis .   e - +2 short sword (drain)
rCold    . . .     Faith    .   (no shield)
rNeg     . . .     Spirit   .   (helmet currently unavailable)
rPois    .         Reflect  .   (no amulet)
rElec    .         Harm     .   (no ring)
rCorr    .         Rampage  .   (no ring)
Will     .....                  (no ring)
Stlth    +++.......             (no ring)
HPRegen  0.07/turn              (no ring)
MPRegen  0.10/turn              (no ring)
                                (no ring)
                                (no ring)

@: appendages, wereblooded
A: tentacle spike 3, almost no armour, amphibious, 8 rings, camouflage 1,
gelatinous body 1, (nimble swimmer 1), tentacles
a: End Transformation


You were on level 2 of the Dungeon.
One of your tentacles had grown a beastly spike.
You visited 1 branch of the dungeon, and saw 2 of its levels.

You collected 46 gold pieces.

Inventory:

Hand Weapons
 e - a +2 short sword of draining (weapon)
Missiles
 g - 23 sling bullets
 h - 63 stones
Jewellery
 c - a ring of magical power
Scrolls
 d - 2 scrolls of identify {unknown}
 f - a scroll of fog {unknown}
 j - a scroll of immolation {unknown}
 l - a scroll of vulnerability {unknown}
Potions
 a - a potion of brilliance {unknown}
 b - a potion of flight {unknown}
 i - a potion of lignification {unknown}
 k - a potion of berserk rage {unknown}


   Skills:
 * Level 1.1 Fighting
 * Level 0.2 Short Blades
 * Level 2.4 Dodging
 + Level 0.9 Stealth
 * Level 0.7 Shields
 - Level 3.4 Unarmed Combat
 + Level 2.0 Spellcasting
 * Level 2.4 Transmutations


You had 3 spell levels left.
You knew the following spells:

 Your Spells              Type           Power      Damage    Failure   Level
a - Beastly Appendage     Tmut           16%        N/A       9%          1
b - Wereblood             Tmut           8%         N/A       12%         2

Your spell library contained the following spells:

 Spells                   Type           Power      Damage    Failure   Level
 Animate Skeleton         Necr           2%         N/A       22%         1
 Pain                     Necr           4%         1d4       22%         1
 Spider Form              Tmut/Pois      2%         N/A       38%         3
 Vampiric Draining        Necr           0%         2d6       54%         3
 Ice Form                 Ice/Tmut       5%         N/A       80%         4
 Animate Dead             Necr           0%         N/A       91%         4
 Hydra Form               Tmut           4%         N/A       92%         5
 Agony                    Necr           1%         N/A       99%         5


Dungeon Overview and Level Annotations

Branches:
Dungeon (2/15)

Altars:

Annotations:
D:2 Robin


Innate Abilities, Weirdness & Mutations

One of your tentacles has grown a beastly spike.
You cannot wear most types of armour.
You are amphibious.
You can wear up to eight rings at the same time.
Your skin changes colour to match your surroundings (Stealth+).
Your rubbery body absorbs attacks. (AC +1, EV +1)
((You are camouflaged near water. (Stealth+)))
You have tentacles for arms and can constrict up to eight enemies at once.


Message History

The goblins go into a battle-frenzy!
The goblin hits you with a +0 club.
Casting: Wereblood (safe; 12% risk of failure)
Confirm with . or Enter, or press ? or * to list all spells.
One of your tentacles grows a vicious spike.
A hobgoblin comes into view.
The goblin hits you with a +0 club. The goblin completely misses you.
You hit the goblin. Your grab misses the goblin.
The goblin is heavily wounded.
The goblin barely misses you. x2
You barely miss the goblin. Your grab misses the goblin.
You squeeze the goblin.
You kill the goblin!
Robin throws the goblin at you! The goblin hits you with a +0 club.
You barely miss the goblin. Your grab misses the goblin.
You pierce the goblin.
You kill the goblin!
You howl as the wereblood boils in your veins!
You hear a shout!
The goblin barely misses you.
You closely miss the goblin. You grab the goblin.
You pierce the goblin.
You kill the goblin!
You hear a shout!
The goblin closely misses you.
You barely miss the goblin. Your grab misses the goblin.
You pierce the goblin.
The goblin is severely wounded.
A goblin comes into view. It is wielding a +0 club.
The goblin hits you with a +0 club.
* * * LOW HITPOINT WARNING * * *
The goblin closely misses you.
The goblin moves out of view.
You hit the goblin.
You kill the goblin!
The goblin misses you. Robin throws the goblin at you!
* * * LOW HITPOINT WARNING * * *
The goblin closely misses you.
You hit the goblin. You drain the goblin.
You kill the goblin!
The goblin hits you with a +0 club.
* * * LOW HITPOINT WARNING * * *
Robin throws the goblin at you!
You die...

. ###.## #.... ##
#########.#.# .!
#####......##.#.###
#.
...g.ggg##.#......
. #@##.#..##.# .#
#.g.....##.##.#
####.##.......###
#.#####......# ..#
#.####.# ####
#.####.# #...##.#
#.#.##.## #........


You could see Robin and 4 goblins.

Vanquished Creatures
  2 worms (D:2)
  3 ball pythons (D:1)
  3 endoplasms (D:1)
  A giant cockroach (D:2)
  8 goblins
  A hobgoblin (D:1)
  4 quokkas
  A bat (D:1)
  2 frilled lizards (D:1)
  5 kobolds
  2 rats (D:1)
32 creatures vanquished.

Notes
Turn   | Place    | Note
-------+----------+-------------------------------------------
     0 | D:1      | d3xhu the Octopode Transmuter began the quest for the Orb.
     0 | D:1      | Reached XP level 1. HP: 13/13 MP: 3/3
   418 | D:1      | Reached XP level 2. HP: 16/18 MP: 3/5
   836 | D:1      | Found a faded altar of an unknown god.
   935 | D:1      | Learned a level 2 spell: Wereblood
  1364 | D:2      | Reached XP level 3. HP: 12/23 MP: 0/6
  1721 | D:2      | Noticed Robin
  1730 | D:2      | HP: 1/23 [goblin/+0 club[Robin] (1)]
  1730 | D:2      | Hit by a goblin thrown by Robin

Illustrated notes

Levels and vault maps discovered:
D:1:      minmay_arrival_four_loops, layout_basic,
          shapermc_ecumenical_altar_hornbeckon, minmay_misc_feat_ornament
D:2:      layout_loops_cross, uniq_robin

Action                   || total
-------------------------++-------
Melee: Unarmed           ||    20
       Kick              ||    15
       Constrict         ||    13
       Tentacles         ||     4
       Punch             ||     1
       Short sword       ||    40
 Cast: Beastly Appendage ||    19
       Wereblood         ||     2
 Stab: Sleeping          ||     5
Armor: Skin              ||     3
Dodge: Dodged            ||    38

Table legend: (Time is in decaauts)
 A = Elapsed time spent in this place.
 B = Non-inter-level travel time spent in this place.
 C = Inter-level travel time spent in this place.
 D = Time resting spent in this place.
 E = Time spent auto-exploring this place.
 F = Levels seen in this place.
 G = Mean time per level.
                   A        B        C        D        E       F      G
               +--------+--------+--------+--------+--------+-----+--------+
         Total |   1731 |   1673 |     58 |      0 |   1485 |   2 |  865.5 |
       Dungeon |   1731 |   1673 |     58 |      0 |   1485 |   2 |  865.5 |
               +--------+--------+--------+--------+--------+-----+--------+

Top non-repeatable levels by time:
     D:1: 1353 daAuts
     D:2: 378 daAuts
